 Dungeon Crawl Stone Soup version 0.25-a0-700-g7f8a7979f0 (webtiles) character file.

Game seed: 6897574180745288093, levelgen mode: deterministic

5 Esekla the Skirmisher (level 1, -4/23 HPs)
             Began as a Gnoll Abyssal Knight on Apr 2, 2020.
             Was a Follower of Lugonu.
             Slain by a sun demon (17 damage)
             ... on level 1 of the Abyss.
             The game lasted 00:01:51 (185 turns).

Esekla the Skirmisher (Gnoll Abyssal Knight)         Turns: 185, Time: 00:01:52

Health: -4/23      AC:  3    Str: 14    XL:     1   Next: 80%
Magic:  3/3        EV: 12    Int: 14    God:    Lugonu [*.....]
Gold:   38         SH:  0    Dex: 14    Spells: 0/0 levels left

rFire    . . .     SeeInvis .   a - +1 falchion
rCold    . . .     Gourm    .   (no shield)
rNeg     . . .     Faith    .   b - +0 leather armour
rPois    .         Spirit   .   (no helmet)
rElec    .         Reflect  .   (no cloak)
rCorr    .         Harm     .   (no gloves)
MR       .....                  (no boots)
Stlth    +.........             (no amulet)
HPRegen  0.07/turn              (no ring)
MPRegen  0.08/turn              (no ring)

@: no status effects
A: distributed training, fangs 1, strong nose
a: Depart the Abyss, Renounce Religion


You were on level 1 of the Abyss.
You worshipped Lugonu.
Lugonu was aware of your devotion.
You were not hungry.

You visited 0 branches of the dungeon, and saw 0 of its levels.
You visited the Abyss 1 time.

You collected 38 gold pieces.

Inventory:

Hand Weapons
 a - a +1 falchion (weapon)
Armour
 b - a +0 leather armour (worn)
Jewellery
 g - an uncursed ring of protection from cold {unknown}
Scrolls
 e - a scroll of noise {unknown}
 f - a scroll of remove curse {unknown}
Potions
 d - a potion of brilliance {unknown}
Comestibles
 c - a ration


   Skills:
 + Level 6.4 Fighting
 + Level 0.1 Short Blades
 + Level 4.4 Long Blades
 + Level 0.1 Axes
 + Level 0.1 Maces & Flails
 + Level 0.1 Polearms
 + Level 0.1 Staves
 + Level 0.1 Slings
 + Level 0.1 Bows
 + Level 0.1 Crossbows
 + Level 0.1 Throwing
 + Level 4.4 Armour
 + Level 2.4 Dodging
 + Level 0.1 Stealth
 + Level 0.1 Shields
 + Level 0.1 Unarmed Combat
 + Level 0.1 Spellcasting
 + Level 0.1 Conjurations
 + Level 0.1 Hexes
 + Level 0.1 Charms
 + Level 0.1 Summonings
 + Level 0.1 Necromancy
 + Level 0.1 Translocations
 + Level 0.1 Transmutations
 + Level 0.1 Fire Magic
 + Level 0.1 Ice Magic
 + Level 0.1 Air Magic
 + Level 0.1 Earth Magic
 + Level 0.1 Poison Magic
 + Level 4.4 Invocations
 + Level 0.1 Evocations


You couldn't memorise any spells.
You didn't know any spells.
Your spell library was empty.

Dungeon Overview and Level Annotations

Branches:
Dungeon (0/15)

Altars:


Innate Abilities, Weirdness & Mutations

Your experience applies equally to all skills.
You have very sharp teeth.
Your uncanny sense of smell can sniff out nearby items.


Message History

You kill the ufetubus!
A thrashing horror comes into view.
The thrashing horror roars!
Found a knobbly brass ring.
Found a ration.
You see here a knobbly brass ring.
g - a knobbly brass ring The thrashing horror misses you.
The thrashing horror tramples you but does no damage.
The sun demon barely misses you.
You riposte.
You hit the sun demon but do no damage.
The thrashing horror completely misses you.
The thrashing horror tramples you.
You stumble backwards!
The thrashing horror roars!
The thrashing horror misses you. The thrashing horror barely misses you.
Found a ration.
The thrashing horror roars!
The sun demon hits you!
You are engulfed in flames!
Ouch! That really hurt!
You die...

#. # ## ... ..#
#..#. ..# #....
## #### .....##.#
##.## .....%..###
.#..... #..##...#
∆# #.##.
#...###.##.# ..#
#...#.....X3@.#
..
..#.#.....##.#%.#
.
###.###...#..##.#
. # #. ..##.###.
..# . ## ..#..#.#
## ...
...#.##.#..X...#
.#.. #.#...
.#.#....# .#.#
.....### ...#....
#... ...# # ...
.###.


You could see a sun demon and a thrashing horror.

Vanquished Creatures
  An ufetubus (Abyss:1)
1 creature vanquished.

Notes
Turn   | Place    | Note
-------+----------+-------------------------------------------
     0 | Abyss:1  | Esekla the Gnoll Abyssal Knight began the quest for the
                  | Orb.
     0 | Abyss:1  | Reached XP level 1. HP: 23/23 MP: 3/3
     0 | Abyss:1  | Found a corrupted altar of Lugonu.
    45 | Abyss:1  | Found a corrupted altar of Lugonu.
    73 | Abyss:1  | Noticed a large abomination
   129 | Abyss:1  | Noticed a large abomination
   142 | Abyss:1  | Noticed a spatial vortex
   143 | Abyss:1  | Noticed a sun demon
   176 | Abyss:1  | Noticed a thrashing horror
   185 | Abyss:1  | Slain by a sun demon

Levels and vault maps discovered:
Abyss:1:  hangedman_abyss_or_decor_slice, evilmike_abyss_exit_glass

Action                   || total
-------------------------++-------
Armor: Leather armour    ||     4
Dodge: Dodged            ||    18
       Rpst.: Falchion   ||     5

Table legend:
 A = Non-vault XP
 B = Vault XP
 C = Vault XP percentage of total XP
 D = Non-vault monster count
 E = Vault monster count
 F = Vault count percentage of total count
                 A         B        C        D         E       F
            +---------+---------+-------+---------+---------+-------
      Total |       8 |       0 |   0.0 |       1 |       0 |   0.0
            +---------+---------+-------+---------+---------+-------
    Abyss:1 |       8 |       0 |   0.0 |       1 |       0 |   0.0
            +---------+---------+-------+---------+---------+-------
